 Dungeon Crawl Stone Soup version 0.14-a0-2091-gca92d1a (webtiles) character file.

618 Kae the Magician (level 6, 0/45 HPs)
             Began as a Draconian Wizard on Jan 25, 2014.
             Slain by a centaur (2 damage)
             ... on Level 5 of the Dungeon.
             The game lasted 00:10:35 (5272 turns).

Kae the Magician (Draconian Wizard)                 Turns: 5272, Time: 00:10:36

HP   0/45        AC  7     Str  9      XL: 6   Next: 17%
MP   0/17        EV 12     Int 20      God:
Gold 308         SH  0     Dex 10      Spells:  3 memorised, 10 levels left

rFire  . . .     SeeInvis +     j - +1,+0 dagger
rCold  . . .     Clarity  .     (armour unavailable)
rNeg   . . .     Conserve .     (no shield)
rPois  .         rCorr    .     b - +0 hat
rElec  .         rRot     .     (no cloak)
SustAb . .       Spirit   +     (no gloves)
rMut   .         Warding  .     q - +0 pair of boots (curse)
Saprov . . .     Stasis   .     r - amulet of guardian spirit
MR     .....                    w - ring of see invisible
                                e - ring of invisibility

@: not resistant to hostile enchantments, unstealthy
A: unfitting armour, AC +6
a: Evoke Invisibility


You were on level 5 of the Dungeon.
You were not hungry.

You visited 1 branch of the dungeon, and saw 5 of its levels.

You collected 308 gold pieces.

Inventory:

Hand weapons
 j - a +1,+0 dagger (weapon)
Armour
 b - a +0 hat (worn)
 q - a cursed +0 pair of boots (worn)
Comestibles
 d - 2 bread rations
Scrolls
 h - 3 scrolls of identify
 o - a scroll of enchant weapon I
 p - a scroll of immolation
Jewellery
 e - a ring of invisibility (left hand)
 r - an amulet of guardian spirit (around neck)
 w - a ring of see invisible (right hand)
Potions
 f - a potion of mutation
 g - a potion of magic {unknown}
 m - 4 potions of curing
 n - a potion of lignification {unknown}
 u - a potion of might
 v - a potion of cure mutation {unknown}
Books
 c - a book of Minor Magic

   Spells                             Type                      Level
   *Magic Dart                        Conjuration                  1
   *Blink                             Translocation                2
   *Call Imp                          Summoning                    2
   Repel Missiles                     Charms/Air                   2
   Slow                               Hexes                        2
   Conjure Flame                      Conjuration/Fire             3
   Mephitic Cloud                     Conjuration/Poison/Air       3
 i - a book of Clouds

   Spells                             Type                      Level
   Mephitic Cloud                     Conjuration/Poison/Air       3
   Conjure Flame                      Conjuration/Fire             3
   Poisonous Cloud                    Conjuration/Poison/Air       6
   Freezing Cloud                     Conjuration/Ice/Air          6
   Ring of Flames                     Charms/Fire                  7
 t - a book of Fire

   Spells                             Type                      Level
   Fire Brand                         Charms/Fire                  2
   Ignite Poison                      Fire/Transmutation           5
   Fireball                           Conjuration/Fire             5
   Bolt of Fire                       Conjuration/Fire             6
   Delayed Fireball                   Conjuration/Fire             7
   Ring of Flames                     Charms/Fire                  7


   Skills:
 - Level 1.7 Dodging
 - Level 1.7 Stealth
 + Level 5.0 Spellcasting
 + Level 4.4 Conjurations
 - Level 1.0 Summonings
 - Level 1.0 Translocations


You had 10 spell levels left.
You knew the following spells:

 Your Spells              Type           Power        Failure   Level  Hunger
a - Magic Dart            Conj           ###.         1%          1    None
b - Call Imp              Summ           #.........   14%         2    None
c - Blink                 Tloc           N/A          14%         2    None


Dungeon Overview and Level Annotations

Branches:
Dungeon (5/16)
 Temple: D:4-7

Altars:
Dithmengos
Yredelemnul
Zin
The Shining One

Annotations:
D:4 Pikel
D:5 Dowan


Message History

The centaur barely misses you.
Casting: Magic Dart
Confirm with . or Enter, or press ? or * to list all spells.
You don't have enough magic to cast that spell.
Casting: Magic Dart
Confirm with . or Enter, or press ? or * to list all spells.
You don't have enough magic to cast that spell.
Casting: Magic Dart
Confirm with . or Enter, or press ? or * to list all spells.
You don't have enough magic to cast that spell.
Casting: Magic Dart
Confirm with . or Enter, or press ? or * to list all spells.
You don't have enough magic to cast that spell.
Casting: Magic Dart
Confirm with . or Enter, or press ? or * to list all spells.
You don't have enough magic to cast that spell.
You hit the centaur but do no damage.
The centaur is almost dead.
The centaur closely misses you. The centaur hits you.
You die...

#.# #.# #)#
#####.##
.#.######...((.#
........<...#..#
##.########.#..#
.........(..#
.######@##.# #c#
.# #.# .# ... ..
### .. ..# .


You could see a centaur.

Vanquished Creatures
  A slave (D:5)
  A phantom (D:5)
  An orc wizard (D:3)
  2 worker ants (D:4)
  An ogre zombie (D:5)
  3 adders
  A gnoll (D:3)
  An inept feature mimic (D:4)
  A giant mite (D:3)
  A worm (D:3)
  An adder skeleton (D:5)
  A giant gecko (D:3)
  10 orcs
  2 giant cockroaches
  8 hobgoblins
  9 kobolds
  2 quokkas
  A ball python (D:2)
  7 bats
  2 giant newts
  4 goblins
  A kobold zombie (D:5)
  10 rats
71 creatures vanquished.

Vanquished Creatures (others)
  A white imp (D:5)
1 creature vanquished.

Grand Total: 72 creatures vanquished

Notes
Turn   | Place    | Note
--------------------------------------------------------------
     0 | D:1      | Kae, the Draconian Wizard, began the quest for the Orb.
     0 | D:1      | Reached XP level 1. HP: 14/14 MP: 4/4
   536 | D:1      | Reached XP level 2. HP: 20/20 MP: 0/6
   594 | D:1      | Learned a level 2 spell: Call Imp
   597 | D:1      | Learned a level 2 spell: Blink
   916 | D:2      | Found a shadowy altar of Dithmengos.
  1648 | D:3      | Reached XP level 3. HP: 26/26 MP: 0/8
  1944 | D:3      | HP: 1/26 [worm (7)]
  2540 | D:3      | Reached XP level 4. HP: 33/33 MP: 5/10
  2906 | D:3      | Reached skill level 4 in Spellcasting
  3585 | D:4      | Found a basalt altar of Yredelemnul.
  3614 | D:4      | Noticed a phantom
  3685 | D:4      | Found a glowing silver altar of Zin.
  3778 | D:4      | Found a glowing golden altar of the Shining One.
  3930 | D:4      | Reached XP level 5. HP: 27/38 MP: 1/13
  4634 | D:5      | Entered Level 5 of the Dungeon
  4693 | D:5      | Noticed a phantom
  4731 | D:5      | Killed a phantom
  4731 | D:5      | Reached XP level 6. HP: 30/45 MP: 0/16
  4738 | D:5      | Noticed Dowan
  4790 | D:5      | Noticed a slave
  4951 | D:5      | Killed a slave
  4987 | D:5      | Noticed Pikel
  4988 | D:5      | Noticed a slave
  4989 | D:5      | Noticed a slave
  4989 | D:5      | Noticed a slave
  5177 | D:5      | Reached skill level 5 in Spellcasting
  5270 | D:5      | HP: 1/45 [centaur (4)]
  5272 | D:5      | Slain by a centaur

Action                   |  1- 3 |  4- 6 || total
-------------------------+-------+-------++-------
Melee: Unarmed           |     6 |       ||     6
       Dagger            |    58 |    72 ||   130
 Cast: Magic Dart        |    94 |   133 ||   227
       Call Imp          |     1 |     3 ||     4
       Blink             |       |     1 ||     1
  Use: Scroll            |       |     7 ||     7
       Potion            |       |     1 ||     1
